 Dungeon Crawl Stone Soup version 0.30-a0-779-g7971cf19c3 (webtiles) character file.

Game seed: 6837349686317980894

1507 Dittersdorf the Shield-Bearer (level 8, -4/52 HPs)
             Began as a Gargoyle Fighter on Feb 17, 2023.
             Was a Follower of Okawaru.
             Slain by a gnoll sergeant
             ... wielding a +5 heavy trident
              (15 damage)
             ... on level 6 of the Dungeon.
             The game lasted 00:07:10 (5860 turns).

Dittersdorf the Shield-Bearer (Gargoyle Fighter)    Turns: 5860, Time: 00:07:11

Health: -4/52      AC: 19    Str: 23    XL:     8   Next: 82%
Magic:  8/8        EV:  7    Int:  8    God:    Okawaru [*.....]
Gold:   93         SH:  5    Dex:  9    Spells: 7/7 levels left

rFire   . . .      SeeInvis .    a - +0 flail
rCold   . . .      Faith    .    c - +0 buckler
rNeg    + . .      Spirit   .    x - +2 chain mail {Will+}
rPois   ∞          Reflect  .    w - +0 helmet
rElec   +          Harm     .    i - scarf {repulsion}
rCorr   .          Rampage  .    (no gloves)
Will    +....                    (no boots) Stlth
                                 (no amulet)
HPRegen 0.28/turn                (no ring)
MPRegen 0.11/turn                (no ring)

@: repel missiles
A: sickness immunity, AC +5, negative energy resistance 1, electricity
resistance, torment resistance 1, petrification resistance
a: Renounce Religion, Heroism


You were on level 6 of the Dungeon.
You worshipped Okawaru.
Okawaru was aware of your devotion.
You visited 2 branches of the dungeon, and saw 7 of its levels.

You collected 351 gold pieces.
You spent 258 gold pieces at shops.

Inventory:

Hand Weapons
 a - a +0 flail (weapon)
Missiles
 h - a throwing net (quivered)
Armour
 c - a +0 buckler (worn)
 i - a scarf of repulsion (worn)
 w - a +0 helmet (worn)
 x - a +2 chain mail of willpower (worn)
Wands
 t - a wand of iceblast (7)
Scrolls
 e - a scroll of summoning {unknown}
 f - 2 scrolls of enchant weapon {unknown}
 g - a scroll of fog {unknown}
 j - 3 scrolls of magic mapping {unknown}
 k - a scroll of teleportation {unknown}
 l - 3 scrolls of fear {unknown}
 o - a scroll of blinking {unknown}
 p - 2 scrolls of vulnerability {unknown}
 q - a scroll of enchant armour
 s - a scroll of amnesia {unknown}
 u - a scroll of silence {unknown}
 v - a scroll of noise {unknown}
Potions
 b - 2 potions of curing
 d - a potion of might
 m - a potion of brilliance
 n - a potion of berserk rage
 r - a potion of flight


   Skills:
 + Level 6.7 Fighting
 + Level 5.6 Maces & Flails
 + Level 6.6 Armour
 + Level 6.7 Shields


You had 7 spell levels left.
You didn't know any spells.
Your spell library contained the following spells:

 Spells                   Type           Power      Damage    Failure   Level
 Petrify                  Tmut/Erth      0%         N/A       100%        4
 Alistair's Intoxication  Tmut/Pois      0%         N/A       100%        5
 Borgnjor's Vile Clutch   Necr/Erth      0%         N/A       100%        5
 Metabolic Englaciation   Hex/Ice        0%         N/A       100%        5
 Eringya's Noxious Bog    Tmut/Pois      0%         N/A       100%        6
 Statue Form              Tmut/Erth      Unusable   N/A       N/A         6

Dungeon Overview and Level Annotations

Branches:
Dungeon (6/15)             Temple (1/1) D:5

Altars:
Ashenzari
Cheibriados
Elyvilon
Fedhas
Hepliaklqana
Kikubaaqudgha
Nemelex Xobeh
Okawaru
Qazlal
Uskayaw
Vehumet
Wu Jian
Yredelemnul

Shops:
D:5 [


Innate Abilities, Weirdness & Mutations

You are immune to sickness and miasma.
Your stone body is resilient. (AC +5)
You are immune to poison.
You resist negative energy. (rN+)
You are resistant to electric shocks. (rElec)
You are resistant to unholy torment.
You are immune to petrification.


Message History

The centaur kicks you but does no damage.
The gnoll closely misses you.
The gnoll hits you but does no damage. x2
You sock the centaur!
You kill the centaur!
Okawaru accepts your kill.
The gnoll sergeant hits you from afar with a +5 heavy trident!
The gnoll hits you but does no damage. You block the gnoll's attack.
The gnoll misses you.
You thump the gnoll!
The gnoll is severely wounded.
The gnoll hits you but does no damage. x2; The gnoll closely misses you.
You block the gnoll sergeant's attack. The gnoll hits you but does no damage.
The gnoll hits you with a +0 whip. The gnoll hits you but does no damage.
You sock the gnoll!
You kill the gnoll!
Okawaru accepts your kill.
The gnoll sergeant hits you but does no damage.
The gnoll closely misses you. The gnoll hits you but does no damage.
You barely miss the gnoll.
The gnoll hits you from afar with a +0 spear.
The gnoll hits you but does no damage.
The gnoll sergeant hits you from afar with a +5 heavy trident!
* * * LOW HITPOINT WARNING * * *
You are too injured to fight recklessly!
You are too injured to fight recklessly!
You are too injured to fight recklessly!
You are too injured to fight recklessly!
You are too injured to fight recklessly!
You are too injured to fight recklessly!
You are too injured to fight recklessly!
The gnoll barely misses you. The gnoll hits you but does no damage.
The gnoll closely misses you. The gnoll hits you with a +3 whip.
* * * LOW HITPOINT WARNING * * *
An adder comes into view.
The adder hisses angrily.
There is a stone staircase leading up here.
There are no items here.
The gnoll sergeant hits you from afar with a +5 heavy trident!
You die...

......... ........
.......#######
.............#
............#
...........# #))......#
# #####..g.....#... .#
#......gg@....... .#####
#...........S....
.....###.......###.#....
.....'.'.......# +# ...
.....###.......# .
.....# #.......# ..####
#.......# ..# #.......#
# #.######.......# #


You could see a gnoll sergeant, 2 gnolls and an adder.

Vanquished Creatures
  Grinder (D:4)
  A sky beast (D:5)
  A black bear (D:4)
  2 ice beasts
  A centaur (D:6)
  A phantom (D:5)
  2 bullfrogs (D:6)
  A gnoll sergeant (D:5)
  2 scorpions (D:4)
  A howler monkey (D:6)
  2 hounds (D:4)
  A gnoll bouda (D:5)
  2 iguanas
  An orc wizard (D:3)
  4 adders
  11 gnolls
  A shadow imp (D:4)
  An ufetubus (D:6)
  A worm (D:2)
  4 dart slugs
  11 orcs
  5 endoplasms
  7 giant cockroaches
  6 goblins
  11 hobgoblins
  4 jackals (D:1)
  7 kobolds
  4 quokkas
  8 ball pythons
  7 bats
  2 frilled lizards (D:1)
  5 rats
118 creatures vanquished.

Notes
Turn   | Place    | Note
-------+----------+-------------------------------------------
     0 | D:1      | Dittersdorf the Gargoyle Fighter began the quest for the
                  | Orb.
     0 | D:1      | Reached XP level 1. HP: 14/14 MP: 1/1
   122 | D:1      | Reached XP level 2. HP: 16/19 MP: 2/2
   242 | D:1      | Reached XP level 3. HP: 23/23 MP: 3/3
  1272 | D:2      | Found a faded altar of an unknown god.
  1409 | D:2      | Reached XP level 4. HP: 24/29 MP: 4/4
  2800 | D:3      | Reached XP level 5. HP: 33/33 MP: 5/5
  3212 | D:4      | Noticed Grinder
  3229 | D:4      | Paralysed by Grinder for 3 turns
  3236 | D:4      | Paralysed by Grinder for 5 turns
  3361 | D:4      | Paralysed by Grinder for 5 turns
  3374 | D:4      | Paralysed by Grinder for 5 turns
  3380 | D:4      | Killed Grinder
  3381 | D:4      | Reached XP level 6. HP: 17/40 MP: 6/6
  3623 | D:4      | Reached skill level 5 in Shields
  3722 | D:4      | Reached skill level 5 in Fighting
  3722 | D:4      | Reached skill level 5 in Armour
  4164 | D:5      | Entered Level 5 of the Dungeon
  4172 | D:4      | Reached XP level 7. HP: 44/44 MP: 7/7
  4505 | D:5      | Found an ancient bone altar of Kikubaaqudgha.
  4626 | D:5      | Found a staircase to the Ecumenical Temple.
  4635 | Temple   | Entered the Ecumenical Temple
  4647 | Temple   | Became a worshipper of Warmaster Okawaru
  4725 | D:5      | Reached XP level 8. HP: 39/51 MP: 8/8
  4838 | D:4      | Reached skill level 5 in Maces & Flails
  5195 | D:5      | Found Dubbas's Armour Shop.
  5230 | D:5      | Bought a +2 chain mail of willpower for 258 gold pieces
  5430 | D:5      | Found an ornate altar of the Wu Jian Council.
  5644 | D:6      | Found a faded altar of an unknown god.
  5671 | D:6      | Found a faded altar of an unknown god.
  5771 | D:6      | Found a hazy altar of Hepliaklqana.
  5820 | D:6      | Reached * piety under Okawaru
  5860 | D:6      | Slain by a gnoll sergeant

Illustrated notes

Levels and vault maps discovered:
D:1:      lightli_arrival_statuegarden, layout_basic
D:2:      layout_loops_cross, basic_ecumenical_altar
D:3:      layout_basic
D:4:      layout_loops_corners, uniq_grinder
D:5:      layout_cave_pools, kiku_gazebo_garden_becter,
          nzn_wu_jian_contemplation, minmay_temple_entry_trees, serial_shops,
          nicolae_shop_hallway_stairs
D:6:      layout_basic, led_sif_book, nicolae_hepliaklqana_ecumenical_no_more,
          serial_shops, nicolae_shop_trees
Temple:   eino_narrow_crystal_temple

Skill      XL: |  1  2  3  4  5  6  7  8 |
---------------+-------------------------+-----
Shields        | 4 5 6 |  6.7
Fighting       | 4 5 6 |  6.7
Armour         | 4 5 6 |  6.6
Maces & Flails | 3 4 5 |  5.6

Action                     |  1- 3 |  4- 6 |  7- 9 || total
---------------------------+-------+-------+-------++-------
  Melee: Flail             |   146 |   157 |   222 ||   525
    Use: Scroll            |       |     7 |       ||     7
 Armour: Scale mail        |    41 |       |       ||    41
         Chain mail        |    45 |   126 |   227 ||   398
  Dodge: Dodged            |    71 |    82 |   126 ||   279
         Repelled          |       |       |     1 ||     1
  Block: Buckler           |    41 |    38 |    95 ||   174

Table legend: (Time is in decaauts)
 A = Elapsed time spent in this place.
 B = Non-inter-level travel time spent in this place.
 C = Inter-level travel time spent in this place.
 D = Time resting spent in this place.
 E = Time spent auto-exploring this place.
 F = Levels seen in this place.
 G = Mean time per level.
                   A        B        C        D        E       F      G
               +--------+--------+--------+--------+--------+-----+--------+
         Total |   6008 |   5713 |    295 |    789 |   3595 |   7 |  858.3 |
       Dungeon |   5967 |   5672 |    295 |    786 |   3595 |   6 |  994.5 |
        Temple |     40 |     40 |      0 |      3 |      0 |   1 |   40.0 |
               +--------+--------+--------+--------+--------+-----+--------+

Top non-repeatable levels by time:
     D:4: 1786 daAuts
     D:3: 1215 daAuts
     D:1: 1090 daAuts
     D:5: 790 daAuts
     D:2: 701 daAuts
     D:6: 384 daAuts
  Temple: 40 daAuts
